 Dungeon Crawl Stone Soup version 0.31-a0-16-g6d2539766c (webtiles) character file.

Game seed: 983392763032540880

66 bungle the Cudgeller (level 3, 0/36 HPs)
             Began as a Troll Berserker on May 8, 2023.
             Was a Follower of Trog.
             Slain by Kuronicle's ghost (5 damage)
             ... on level 3 of the Dungeon.
             The game lasted 00:12:31 (1241 turns).

bungle the Cudgeller (Troll Berserker)              Turns: 1241, Time: 00:12:32

Health: 0/36       AC:  4    Str: 27    XL:     3   Next: 96%
Magic:  2/2        EV: 10    Int:  3    God:    Trog [*.....]
Gold:   102        SH:  0    Dex:  9    Spells: 2/2 levels left

rFire   . . .        j - +0 flail
rCold   . . .        (no shield)
rNeg    . . .        b - +0 animal skin
rPois   .            (helmet restricted)
rElec   .            (no cloak)
rCorr   .            (gloves unavailable)
SInv    .            (boots unavailable)
Will    .....        (no amulet)
Stlth   +            (no ring)
HPRegen 1.06/turn    (no ring)
MPRegen 0.08/turn

%: no passive effects
@: no status effects
A: large, unfitting armour, claws 3, regeneration 1, shaggy fur 1, tough skin 1
a: Renounce Religion, Berserk


You were on level 3 of the Dungeon.
You worshipped Trog.
Trog was aware of your devotion.
You visited 1 branch of the dungeon, and saw 3 of its levels.

You collected 102 gold pieces.

Inventory:

Hand Weapons
 a - a +0 mace
 h - a +0 long sword
 j - a +0 flail (weapon)
 o - a +0 mace
Missiles
 p - 2 boomerangs (quivered)
Armour
 b - a +0 animal skin (worn)
Scrolls
 c - a scroll of fog {unknown}
 d - a scroll of enchant weapon {unknown}
 g - 3 scrolls of identify {unknown}
 k - a scroll of blinking {unknown}
 m - a scroll of summoning {unknown}
Potions
 e - 2 potions of cancellation {unknown}
 f - a potion of brilliance {unknown}
 i - a potion of flight {unknown}
 l - a potion of curing {unknown}


   Skills:
 + Level 2.8 Fighting
 + Level 1.3 Long Blades
 + Level 3.3 Maces & Flails
 + Level 2.8 Dodging


You had 2 spell levels left.
You didn't know any spells.
Your spell library was empty.

Dungeon Overview and Level Annotations

Branches:
Dungeon (3/15)

Altars:
Wu Jian

Portals:
Abyss: D:3

Annotations:
D:3 1 transporter, Kuronicle's ghost, amateur HuMo


Innate Abilities, Weirdness & Mutations

You are too large for most types of armour.
You have claws for hands.
Your natural rate of healing is unusually fast.
You are covered in fur. (AC +1)
You have tough skin. (AC +1)


Message History

Space warps around you.
The kobold brigand hits you with a +2 whip of distortion.
You blink.
You closely miss the crimson imp.
The crimson imp blinks!
You closely miss the kobold brigand.
The kobold brigand hits you with a +2 whip of distortion.
You blink.
Kuronicle's ghost enters a dispersal trap!
The crimson imp blinks!
You blink.
Kuronicle's ghost blinks!
The crimson imp blinks!
The crimson imp enters a dispersal trap!
Kuronicle's ghost blinks!
The small abomination blinks!
You blink.
The crimson imp blinks!
The small abomination enters a dispersal trap!
The crimson imp blinks! x2; The kobold brigand blinks!
You blink.
Kuronicle's ghost hits you!
You see here 8 gold pieces.
You miss Kuronicle's ghost. Kuronicle's ghost hits you!
You barely miss Kuronicle's ghost. Your claw misses Kuronicle's ghost.
The kobold brigand enters a dispersal trap!
Kuronicle's ghost blinks!
The small abomination blinks!
You blink.
The kobold brigand blinks!
The crimson imp throws a stone.
The stone closely misses you.
You hit the small abomination.
The small abomination is moderately damaged.
The small abomination closely misses you.
The kobold brigand barely misses you.
The crimson imp blinks!
The small abomination hits you.
You hit the small abomination.
The small abomination is moderately damaged.
The small abomination closely misses you.
The kobold brigand hits you with a +2 whip of distortion!
* * * LOW HITPOINT WARNING * * *
Space warps around you.
* * * LOW HITPOINT WARNING * * *
Kuronicle's ghost enters a dispersal trap!
The small abomination blinks!
The kobold brigand blinks!
You blink.
Kuronicle's ghost blinks!
Kuronicle's ghost hits you.
You die...

#.# #...##.###...###.##...# #.##
######...##..W##©.# .#.#...# ...
......÷...#..#.####.#.##...# #.#
###..#...##..#:.©..∩.##....# #.##
#.##..##.###^#.##.##.....#
...#####.##..#x.§#K...#..#......#
.........##..##..§5###...###....#
........).....###§##.### ..##...#
..#####..##...##@.#....##...#...#
### #..##..##..W###...##.##...#
#######..##..#.###..##..##5##...#
.........##..##.©.^..#..##.#....#
####.##.......####..##..##.#....#
####.##.###......####....###....#
#.......#.........##...........##
..##.##.#.#....................#
####.##........................#


You could see a kobold brigand, Kuronicle's ghost and a crimson imp.

Vanquished Creatures
  Jessica (D:2)
  An adder (D:3)
  A dart slug (D:3)
  An orc (D:3)
  4 endoplasms
  A giant cockroach (D:1)
  4 goblins
  A hobgoblin (D:2)
  A quokka (D:2)
  3 ball pythons (D:2)
  4 bats
  A frilled lizard (D:2)
  2 kobolds (D:3)
  4 rats
29 creatures vanquished.

Notes
Turn   | Place    | Note
-------+----------+-------------------------------------------
     0 | D:1      | bungle the Troll Berserker began the quest for the Orb.
     0 | D:1      | Reached XP level 1. HP: 22/22 MP: 0/0
   527 | D:2      | Reached XP level 2. HP: 26/29 MP: 1/1
   542 | D:2      | Reached skill level 3 in Maces & Flails
   614 | D:2      | Noticed Jessica
   635 | D:2      | Killed Jessica
   636 | D:2      | Reached XP level 3. HP: 36/36 MP: 2/2
   811 | D:3      | Found a transporter.
   811 | D:3      | Found a one-way gate to the infinite horrors of the Abyss.
   811 | D:3      | Noticed Kuronicle's ghost (amateur HuMo)
   815 | D:3      | Found a transporter.
   842 | D:3      | Noticed a kobold brigand
   884 | D:3      | Noticed a small abomination
  1020 | D:3      | Reached skill level 1 in Long Blades
  1091 | D:3      | Found an ornate altar of the Wu Jian Council.
  1241 | D:3      | Slain by Kuronicle's ghost

Illustrated notes

Levels and vault maps discovered:
D:1:      dpeg_arrival_short_road, layout_basic, minmay_misc_feat_ornament,
          minmay_indecisive_spiral
D:2:      layout_basic, uniq_jessica
D:3:      layout_loops_ring, amcnicky_altar_gilded,
          gammafunk_ghost_abyssal_escape

Skill      XL: |  1  2  3 |
---------------+----------+-----
Maces & Flails | 3 |  3.3
Long Blades    | 1 |  1.3
Fighting       | |  2.8
Dodging        | |  2.8

Action                     || total
---------------------------++-------
  Melee: Mace              ||    20
         Long sword        ||    67
         Flail             ||     7
         Punch             ||     1
 Invoke: Berserk           ||     1
 Armour: Animal skin       ||    32
  Dodge: Dodged            ||    49

Table legend: (Time is in decaauts)
 A = Elapsed time spent in this place.
 B = Non-inter-level travel time spent in this place.
 C = Inter-level travel time spent in this place.
 D = Time resting spent in this place.
 E = Time spent auto-exploring this place.
 F = Levels seen in this place.
 G = Mean time per level.
                   A        B        C        D        E       F      G
               +--------+--------+--------+--------+--------+-----+--------+
         Total |   1278 |   1278 |      0 |    204 |    252 |   3 |  426.0 |
       Dungeon |   1278 |   1278 |      0 |    204 |    252 |   3 |  426.0 |
               +--------+--------+--------+--------+--------+-----+--------+

Top non-repeatable levels by time:
     D:1: 455 daAuts
     D:3: 451 daAuts
     D:2: 371 daAuts
